 Dungeon Crawl Stone Soup version 0.24-a0-537-g2d01d4ab0a (webtiles) character file.

Game seed: 4896191232981170001

51020 Norm the Warrior (level 14, -2/172 HPs)
             Began as an Ogre Abyssal Knight on Aug 14, 2019.
             Was the Champion of Lugonu.
             Slain by Jorgrun
             ... wielding an uncursed staff of earth
              (10 damage)
             ... on level 13 of the Dungeon.
             The game lasted 01:48:00 (34610 turns).

Norm the Warrior (Ogre Abyssal Knight)             Turns: 34610, Time: 01:48:00

Health: -2/172     AC:  6    Str: 23    XL:     14   Next: 57%
Magic:  23/24      EV:  7    Int: 17    God:    Lugonu [******]
Gold:   1233       SH:  0    Dex: 11    Spells: 16/26 levels left

rFire    . . .     SeeInvis +   K - +1 halberd (chop)
rCold    + . .     Gourm    .   (shield currently unavailable)
rNeg     . . .     Faith    .   Y - +0 troll leather armour
rPois    .         Spirit   .   J - +1 hat {SInv}
rElec    .         Reflect  .   (no cloak)
rCorr    .         Harm     .   (gloves unavailable)
MR       ++...                  (boots unavailable)
Stlth    ..........             d - amulet of the acrobat
HPRegen  0.78/turn              m - ring of protection from magic
MPRegen  0.19/turn              G - ring "Ufeiq" {rC+ Str+4 Dex+3 Stlth-}

@: grasped by roots, constricted
A: large, unfitting armour, tough skin 1
a: Depart the Abyss, Bend Space, Banish, Corrupt, Enter the Abyss, Brand Weapon
With Distortion, Renounce Religion


You were on level 13 of the Dungeon.
You worshipped Lugonu.
Lugonu was exalted by your worship.
You were hungry.

You visited 3 branches of the dungeon, and saw 20 of its levels.
You visited the Abyss 1 time.

You collected 1288 gold pieces.
You spent 55 gold pieces at shops.

Inventory:

Hand Weapons
 y - a +0 trident of freezing
 K - a +1 halberd of chopping (weapon)
Missiles
 z - 11 silver boomerangs
 B - 77 poisoned darts (quivered)
 I - 14 javelins
 T - 17 large rocks
Armour
 J - a +1 hat of see invisible (worn)
 L - the +3 hat of Pondering {ponderous, MR+ MP+10 Int+5}
   (You found it on level 12 of the Dungeon)

   It affects your intelligence (+5).
   It affects your resistance to hostile enchantments.
   It affects your magic capacity (+10).
 Y - a +0 troll leather armour (worn)
Jewellery
 b - an uncursed ring of positive energy
 d - an amulet of the acrobat (around neck)
 k - an uncursed amulet of guardian spirit
 m - a ring of protection from magic (left hand)
 C - an uncursed ring of magical power
 E - a cursed amulet of regeneration
 F - an uncursed ring of protection from cold
 G - the ring "Ufeiq" (right hand) {rC+ Str+4 Dex+3 Stlth-}
   (You found it on level 6 of the Dungeon)

   [ring of dexterity]

   It affects your strength (+4).
   It affects your dexterity (+3).
   It protects you from cold.
   It makes you less stealthy.
 H - an uncursed ring of fire
 S - a +2 amulet of reflection {unknown}
 V - an uncursed ring of see invisible
Wands
 f - a wand of polymorph (34)
 O - a wand of acid (23)
 P - a wand of paralysis (1)
 R - a wand of iceblast (16)
 U - a wand of flame (28)
 X - a wand of enslavement (9)
Scrolls
 a - a scroll of blinking {unknown}
 e - 2 scrolls of enchant armour
 g - a scroll of enchant weapon {unknown}
 j - 9 scrolls of teleportation
 l - 5 scrolls of remove curse
 o - a scroll of noise {unknown}
 t - 3 scrolls of magic mapping
 v - 2 scrolls of fog
 D - 4 scrolls of amnesia
 M - a scroll of brand weapon
 Q - a scroll of fear
Potions
 h - 2 potions of cancellation
 i - 3 potions of might
 n - 6 potions of curing
 p - a potion of agility {unknown}
 q - 8 potions of flight
 r - 2 potions of invisibility
 s - a potion of resistance {unknown}
 u - 8 potions of heal wounds
 w - 6 potions of haste
 x - 2 potions of degeneration {unknown}
 N - 3 potions of brilliance {unknown}
 W - a potion of magic {unknown}
 Z - 2 potions of lignification {unknown}
Comestibles
 c - 21 rations


   Skills:
 + Level 19.5 Fighting
 - Level 14.0 Polearms
 - Level 2.1 Dodging
 + Level 6.9 Spellcasting
 + Level 1.6 Charms
 - Level 6.0 Summonings
 - Level 6.0 Ice Magic
 - Level 7.0 Invocations


You had 16 spell levels left.
You knew the following spells:

 Your Spells              Type           Power        Failure   Level  Hunger
a - Summon Ice Beast      Ice/Summ       ####....     11%         4    ####...
b - Summon Butterflies    Summ           ####....     1%          1    None
c - Ozocubu's Armour      Chrm/Ice       ###.....     9%          3    ##.....
d - Blink                 Tloc           N/A          21%         2    None

Your spell library contained the following spells:

 Spells                   Type           Power        Failure   Level  Hunger
 Freeze                   Ice            ####         1%          1    None
 Summon Small Mammal      Summ           ####         1%          1    None
 Call Imp                 Summ           ####....     1%          2    None
 Call Canine Familiar     Summ           ####....     3%          3    ##.....
 Throw Frost              Conj/Ice       ###...       6%          2    None
 Animate Skeleton         Necr           N/A          14%         1    None
 Apportation              Tloc           #.....       14%         1    None
 Beastly Appendage        Tmut           #.....       14%         1    None
 Confusing Touch          Hex            #.....       14%         1    None
 Corona                   Hex            #......      14%         1    None
 Magic Dart               Conj           #...         14%         1    None
 Sting                    Conj/Pois      #...         14%         1    None
 Shroud of Golubria       Chrm/Tloc      #.....       14%         2    None
 Corpse Rot               Necr           N/A          21%         2    None
 Poisonous Vapours        Pois/Air       #.....       21%         2    None
 Slow                     Hex            #.......     21%         2    None
 Sticks to Snakes         Tmut           #.......     21%         2    None
 Sublimation of Blood     Necr           #.........   21%         2    None
 Ice Form                 Ice/Tmut       ###.....     36%         4    ####...
 Throw Icicle             Conj/Ice       ###.....     36%         4    ####...
 Conjure Flame            Conj/Fire      #.......     38%         3    ##.....
 Gell's Gravitas          Tloc           #.........   38%         3    ##.....
 Ignite Poison            Fire/Tmut/Pois #.......     38%         3    ##.....
 Inner Flame              Hex/Fire       #.......     38%         3    ##.....
 Mephitic Cloud           Conj/Pois/Air  #.......     38%         3    ##.....
 Portal Projectile        Hex/Tloc       #.....       38%         3    ##.....
 Spider Form              Tmut/Pois      #.........   38%         3    ##.....
 Summon Mana Viper        Hex/Summ       ###.....     73%         5    #####..
 Cause Fear               Hex            #.........   80%         4    ####...
 Leda's Liquefaction      Hex/Erth       #.........   80%         4    ####...
 Olgreb's Toxic Radiance  Pois           #.......     80%         4    ####...
 Petrify                  Tmut/Erth      #.......     80%         4    ####...
 Excruciating Wounds      Chrm/Necr      #.........   95%         5    #####..
 Iskenderun's Battlesphe  Conj/Chrm      #.......     95%         5    #####..
 Agony                    Necr           #.......     98%         5    #####..
 Alistair's Intoxication  Tmut/Pois      #.......     98%         5    #####..
 Blade Hands              Tmut           #.........   98%         5    #####..
 Bolt of Draining         Conj/Necr      #.........   98%         5    #####..
 Bolt of Magma            Conj/Fire/Erth #.........   98%         5    #####..
 Dispel Undead            Necr           #.......     98%         5    #####..
 Irradiate                Conj/Tmut      #.........   98%         5    #####..
 Venom Bolt               Conj/Pois      #.........   98%         5    #####..
 Dispersal                Tloc           #.........   100%        6    #######
 Freezing Cloud           Conj/Ice/Air   ##........   100%        6    #######
 Iron Shot                Conj/Erth      #.........   100%        6    #######
 Orb of Destruction       Conj           #.........   100%        7    #######
 Ring of Flames           Chrm/Fire      #.........   100%        7    #######
 Spellforged Servitor     Conj/Summ      ###.......   100%        7    #######
 Summon Hydra             Summ           ####......   100%        7    #######


Dungeon Overview and Level Annotations

Branches:
Dungeon (13/15)            Temple (1/1) D:4            Lair (6/6) D:11
  Swamp (0/4) Lair:2       Spider (0/4) Lair:4        Slime (0/5) Lair:5
    Orc (0/2) D:10
 Vaults: D:13-14

Altars:
Elyvilon
Gozag
Hepliaklqana
Kikubaaqudgha
Nemelex Xobeh
Okawaru
Sif Muna
Uskayaw
Vehumet
Wu Jian
Xom
The Shining One

Shops:
D:10 !

Annotations:
D:5 1 runed translucent door, Destapler's ghost, novice DrBe
D:8 3 runed translucent doors
D:9 3 runed translucent doors, bmj180's ghost, journeyman HOFi
D:13 exclusion: 3 doors, Jorgrun; Sonja
Lair:2 3 runed translucent doors, Kae's ghost, journeyman MfGl


Innate Abilities, Weirdness & Mutations

You are too large for most types of armour.
You have tough skin. (AC +1)


Message History

The bolt of acid hits Jorgrun!
Jorgrun is splashed with acid.
Jorgrun is moderately wounded.
Your ice beast misses Jorgrun.
Evoke which item? (* to show all) (? for menu, Esc to quit)
Aiming: Corrosive Bolt
Press: ? - help, Shift-Dir - straight line, f/p - Jorgrun
Aim: Jorgrun, wielding a staff of earth and wearing a +0 robe (moderately wounded)
The bolt of acid misses Jorgrun.
Jorgrun casts a spell at you. The iron shot hits you!!!
* * * LOW HITPOINT WARNING * * *
x2 The grasping roots constrict you!
Your ice beast hits Jorgrun but does no damage.
Unknown command.
You feel much better.
Jorgrun hits you with an uncursed staff of earth!
* * * LOW HITPOINT WARNING * * *
Jorgrun crushes you!
* * * LOW HITPOINT WARNING * * *
You die...

....#.....#......#........#
....##############........#
###......##########.......#
#......#........#.#####.#
#..##..#........#.# #÷#
#..##..#........'.# #.#
#..##..#........#.# #÷#
#..##..#........#.# #.#
#..##........g@<#.# #)#
#......#......Y.#.# #÷#
#......#........#.# #.#
#......#........#.#####.#
#......#####....#.......#
#'###############.......#
#.........#.....#.#####.#
#.........#.....#.# #.#
#.........#.....#.# #.#


You could see Jorgrun and a friendly ice beast.

Vanquished Creatures
  Gastronok (Lair:1)
  An ogre mage (D:12)
  An ice dragon (Lair:1)
  2 catoblepae (Lair:6)
  2 two-headed ogres (D:9)
  5 death yaks
  Urug (Lair:4)
  An unseen horror (D:12)
  4 cyclopes
  2 manticores (Lair:6)
  An orb spider (Lair:4)
  A black mamba (Lair:6)
  Psyche (D:10)
  A gargoyle (D:12)
  11 spiny frogs
  An efreet (D:12)
  8 komodo dragons
  A polar bear (Lair:6)
  6 trolls
  2 slime creatures (Lair:5)
  6 hippogriffs
  13 blink frogs
  A bog body (Lair:2)
  3 wyverns
  Eustachio (Temple)
  41 yaks
  A hog (D:12)
  A hungry ghost (D:10)
  9 humans
  3 vampire mosquitoes (D:12)
  6 water moccasins
  4 porcupines
  8 orc warriors
  2 black bears
  4 ice beasts
  6 sky beasts
  An eye of draining (D:12)
  4 phantoms
  7 ogres
  9 wolves
  6 centaurs
  11 crocodiles
  2 big kobolds
  13 bullfrogs
  2 wyvern zombies
  4 scorpions
  12 killer bees
  9 wights
  2 howler monkeys
  2 electric eels (Lair:1)
  4 bullfrog zombies
  7 crimson imps
  8 hounds
  10 jellies
  5 centaur skeletons
  15 orc wizards
  4 bullfrog skeletons
  8 orc priests
  Jessica (D:2)
  3 iguanas
  12 worker ants
  Natasha (thrice) (D:3)
  A hound zombie (D:6)
  A hound skeleton (D:4)
  A worker ant zombie (D:7)
  12 adders
  3 gnolls (D:11)
  3 shadow imps
  2 worms (D:2)
  2 adder skeletons
  2 dart slugs (D:3)
  3 leopard geckos
  71 orcs
  3 ball pythons
  4 giant cockroaches
  8 goblins
  6 hobgoblins
  9 jackals
  19 kobolds
  2 quokkas
  8 bats
  6 frilled lizards
  A jackal skeleton (D:7)
  2 quokka skeletons
  A quokka zombie (D:9)
  5 rats
501 creatures vanquished.

Vanquished Creatures (collateral kills)
  Kirke (D:12)
  A hydra (D:12)
  2 catoblepae (Lair:6)
  A death yak (Lair:6)
  Nergalle (D:12)
  A rime drake (Lair:6)
  A komodo dragon (Lair:6)
  6 blink frogs
  2 hippogriffs
  7 yaks (Lair:6)
  2 wyverns
  2 humans (D:13)
  A hungry ghost (D:13)
  A vampire mosquito (D:12)
  A centaur (D:12)
  A crocodile (Lair:6)
  A crimson imp (D:13)
  An orc priest (D:12)
  An orc (D:12)
  2 quokkas (D:12)
  A plant (Lair:4)
37 creatures vanquished.

Vanquished Creatures (others)
  4 hydras
  A two-headed ogre (D:10)
  An unseen horror (D:13)
  3 humans (D:12)
  An orc wizard (D:6)
  15 fungi
  17 plants
42 creatures vanquished.

Grand Total: 580 creatures vanquished

Notes
Turn   | Place    | Note
-------+----------+-------------------------------------------
     0 | Abyss:1  | Norm the Ogre Abyssal Knight began the quest for the Orb.
     0 | Abyss:1  | Reached XP level 1. HP: 24/24 MP: 2/2
    16 | D:1      | Escaped the Abyss
   165 | D:1      | Reached XP level 2. HP: 32/32 MP: 3/3
   636 | D:1      | Reached ** piety under Lugonu
   819 | D:1      | Reached XP level 3. HP: 38/39 MP: 4/4
  2005 | D:1      | Reached XP level 4. HP: 46/48 MP: 6/6
  2201 | D:2      | Noticed Jessica
  2229 | D:2      | Killed Jessica
  2356 | D:2      | Found an ornate altar of the Wu Jian Council.
  2952 | D:3      | Reached XP level 5. HP: 54/54 MP: 7/7
  3043 | D:3      | Noticed Natasha
  3057 | D:3      | Killed Natasha
  3506 | D:3      | Noticed Natasha
  3517 | D:3      | Killed Natasha
  3642 | D:3      | Found a faded altar of an unknown god.
  3794 | D:3      | Noticed Natasha
  3807 | D:3      | Killed Natasha
  3955 | D:4      | Noticed an ogre
  3966 | D:3      | Reached skill level 5 in Polearms
  3966 | D:3      | Reached XP level 6. HP: 48/62 MP: 9/9
  4357 | D:4      | Noticed a phantom
  4449 | D:3      | Reached *** piety under Lugonu
  4924 | D:4      | Reached XP level 7. HP: 11/70 MP: 7/10
  5227 | D:4      | Reached skill level 5 in Invocations
  5838 | D:4      | Found a staircase to the Ecumenical Temple.
  5856 | D:4      | You fall into a shaft and drop 2 floors!
  6058 | D:5      | Entered Level 5 of the Dungeon
  6111 | D:4      | Noticed Eustachio
  6131 | Temple   | Entered the Ecumenical Temple
  6281 | Temple   | Killed Eustachio
  6420 | D:4      | Reached XP level 8. HP: 67/78 MP: 12/12
  6656 | D:5      | Found a runed translucent door.
  6659 | D:5      | Noticed Destapler's ghost (novice DrBe)
  8590 | D:6      | Found an opulent altar of Gozag.
  8960 | D:6      | Got a glittering steel ring
  9031 | D:6      | Identified the ring "Ufeiq" {rC+ Str+4 Dex+3 Stlth-} (You
                  | found it on level 6 of the Dungeon)
  9297 | D:6      | Reached XP level 9. HP: 57/84 MP: 14/14
  9742 | D:7      | Reached skill level 10 in Polearms
  9967 | D:5      | Reached **** piety under Lugonu
 11783 | D:7      | Found a hide-covered altar of Uskayaw.
 11784 | D:7      | Found a shimmering altar of Xom.
 11784 | D:7      | Found an ancient bone altar of Kikubaaqudgha.
 11784 | D:7      | Found a shimmering blue altar of Sif Muna.
 11852 | D:7      | Found an iron altar of Okawaru.
 11852 | D:7      | Found a white marble altar of Elyvilon.
 12479 | D:8      | Reached skill level 5 in Fighting
 13157 | D:8      | Found a runed translucent gate.
 13157 | D:8      | Found a runed translucent gate.
 13157 | D:8      | Noticed a white ugly thing
 13158 | D:8      | Found a runed translucent gate.
 13158 | D:8      | Noticed a white ugly thing
 13158 | D:8      | Noticed a glowing orange brain
 13159 | D:8      | Noticed a white ugly thing
 13345 | D:9      | Found a hazy altar of Hepliaklqana.
 13353 | D:9      | Reached XP level 10. HP: 84/98 MP: 15/15
 13504 | D:9      | Reached skill level 6 in Fighting
 13523 | D:9      | Found a runed translucent gate.
 13524 | D:9      | Found a runed translucent gate.
 13527 | D:9      | Found a runed translucent gate.
 13528 | D:9      | Noticed bmj180's ghost (journeyman HOFi)
 13765 | D:9      | Noticed a two-headed ogre
 13771 | D:9      | Noticed a two-headed ogre
 13809 | D:9      | Found the cursed necklace of Bloodlust {*Rage +Rage MR++
                  | Int-3 Slay+6 *Curse}
 14607 | D:9      | Killed a two-headed ogre
 14607 | D:9      | Reached skill level 7 in Fighting
 14834 | D:9      | Killed a two-headed ogre
 14834 | D:9      | Reached skill level 8 in Fighting
 15011 | D:8      | Reached ***** piety under Lugonu
 16079 | D:9      | Reached skill level 9 in Fighting
 16079 | D:9      | Reached XP level 11. HP: 115/115 MP: 16/16
 16084 | D:9      | Found a radiant altar of Vehumet.
 16138 | D:10     | Entered Level 10 of the Dungeon
 16138 | D:10     | Found Vuoh's Distillery.
 16155 | D:10     | Bought a potion of heal wounds for 55 gold pieces
 16185 | D:10     | Noticed a two-headed ogre
 16620 | D:10     | Noticed Psyche
 16626 | D:10     | Killed Psyche
 17240 | D:10     | HP: 1/115 [killer bee (9)]
 17674 | D:10     | Banished a two-headed ogre
 17775 | D:10     | Reached skill level 10 in Fighting
 18329 | D:10     | Found a staircase to the Orcish Mines.
 18943 | D:10     | Reached skill level 11 in Fighting
 20011 | D:11     | Found a staircase to the Lair.
 20039 | D:11     | Noticed a cyclops
 20057 | D:11     | Killed a cyclops
 20380 | D:11     | Identified the cursed +3 quarterstaff of Dowoycrouj {venom,
                  | rN+ Int+3}
 20465 | D:11     | Reached skill level 12 in Fighting
 20801 | D:11     | Identified the Compendium of Noxious Displacement
 21018 | D:11     | Reached skill level 13 in Fighting
 21106 | D:11     | Noticed a five-headed hydra
 21174 | D:11     | Learned a level 4 spell: Summon Ice Beast
 21237 | D:11     | Banished a five-headed hydra
 21397 | Lair:1   | Entered Level 1 of the Lair of Beasts
 21409 | D:11     | Reached skill level 1 in Spellcasting
 21835 | D:11     | Reached skill level 1 in Summonings
 21835 | D:11     | Reached skill level 1 in Ice Magic
 22016 | D:11     | Reached XP level 12. HP: 88/136 MP: 17/17
 22323 | Lair:1   | Noticed Gastronok
 22350 | Lair:1   | Killed Gastronok
 23324 | Lair:1   | Noticed an ice dragon
 23351 | Lair:1   | Killed an ice dragon
 23714 | Lair:2   | Found a runed translucent gate.
 23715 | Lair:2   | Found a runed translucent gate.
 23716 | Lair:2   | Found a runed translucent gate.
 23782 | Lair:2   | Reached skill level 14 in Fighting
 25124 | Lair:2   | Found a staircase to the Swamp.
 25461 | Lair:2   | Noticed Kae's ghost (journeyman MfGl)
 25813 | Lair:3   | Reached ****** piety under Lugonu
 26570 | Lair:4   | Noticed a seven-headed hydra
 26575 | Lair:4   | Banished a seven-headed hydra
 26575 | Lair:4   | Reached skill level 5 in Summonings
 26575 | Lair:4   | Reached skill level 5 in Ice Magic
 26741 | Lair:4   | Reached XP level 13. HP: 96/148 MP: 19/19
 27242 | Lair:4   | Found a hole to the Spider Nest.
 27317 | Lair:4   | Noticed Urug
 27330 | Lair:4   | Killed Urug
 27454 | Lair:4   | Reached skill level 5 in Spellcasting
 28042 | Lair:5   | Found a staircase to the Slime Pits.
 28217 | Lair:5   | Reached skill level 15 in Fighting
 29114 | Lair:6   | Entered Level 6 of the Lair of Beasts
 29489 | Lair:6   | Reached skill level 16 in Fighting
 30023 | Lair:6   | Reached skill level 17 in Fighting
 30855 | Lair:6   | Reached skill level 18 in Fighting
 30855 | Lair:6   | Reached XP level 14. HP: 105/169 MP: 9/21
 32069 | D:12     | Noticed Nergalle
 32086 | D:12     | Killed Nergalle
 32231 | D:12     | Reached skill level 19 in Fighting
 32288 | D:12     | Noticed Kirke
 32297 | D:12     | Killed Kirke
 33578 | D:12     | Found the +3 hat of Pondering {ponderous, MR+ MP+10 Int+5}
 33743 | D:12     | Learned a level 1 spell: Summon Butterflies
 33747 | D:12     | Learned a level 3 spell: Ozocubu's Armour
 33995 | D:13     | Reached skill level 1 in Charms
 34190 | D:13     | Learned a level 2 spell: Blink
 34472 | D:13     | Noticed Sonja
 34492 | D:13     | Noticed Jorgrun
 34610 | D:13     | HP: 8/172 [Jorgrun/uncursed staff of earth (6)]
 34610 | D:13     | Slain by Jorgrun

Levels and vault maps discovered:
D:1:      lightli_arrival_flooded_house, layout_loops_ring, minmay_pentomino_t4
D:2:      layout_rooms, lemuel_doored_altar, nicolae_underground_beach,
          uniq_jessica
D:3:      layout_loops_cross, chequers_ecumenical_altar_grove,
          chequers_serial_rivers_micro_a, minmay_close_crescents, uniq_natasha
D:4:      layout_rooms, minmay_temple_entry_trees, first_ration, uniq_eustachio
D:5:      layout_loops_cross, ebering_ghost_sewer_d
D:6:      layout_basic, grunt_gozag_statues
D:7:      layout_gridville, minmay_overflow_temple_hex
D:8:      layout_rooms, ploomutoo_gammafunk_ghost_potion_laboratory
D:9:      layout_long_grid, vehumet_crystals, lemuel_crystal_altar,
          ebering_ghost_rock_garden
D:10:     layout_stronghold, david_orc_1_choice, serial_shops,
          nicolae_shop_crystal, grunt_pizzeria, minmay_quadrilaterals,
          uniq_psyche
D:11:     layout_loops_ring, lair_entry_dummy
D:12:     layout_cave_pools, wad_mini_maze, uniq_kirke, uniq_nergalle
D:13:     layout_stronghold, grunt_vaults_entry_tiered, uniq_snorg, uniq_sonja,
          uniq_jorgrun
Temple:   nicolae_temple_hex_pool
Lair:1:   dragon1_lemuel, layout_cave_pods, chequers_serial_rivers_small_3,
          serial_bayou_shore_a, uniq_gastronok
Lair:2:   layout_regular_city, skrybe_swamp_entry_bodies,
          gammafunk_ghost_necromancy, lemuel_fruit_tree
Lair:3:   layout_regular_city
Lair:4:   layout_regular_city, nicolae_spider_entry_orb_guardian, uniq_urug
Lair:5:   layout_layer_cave, minmay_slime_entry_pillars,
          infiniplex_staircase_pool
Lair:6:   evilmike_catoblepas_cave, layout_small_grid

Skill      XL: |  1  2  3  4  5  6  7  8  9 10 11 12 13 14 |
---------------+-------------------------------------------+-----
Polearms       | 3 4 5 6 7 9 11 13 14 | 14.0
Invocations    | 3 4 5 7 |  7.0
Fighting       | 5 9 13 14 18 19 | 19.5
Spellcasting   | 1 4 5 6 |  6.9
Summonings     | 1 5 6 |  6.0
Ice Magic      | 1 5 6 |  6.0
Charms         | 1 |  1.6
Dodging        | |  2.1

Action                   |  1- 3 |  4- 6 |  7- 9 | 10-12 | 13-15 || total
-------------------------+-------+-------+-------+-------+-------++-------
Melee: Spear             |   145 |   196 |       |       |       ||   341
       Trident           |       |     6 |   612 |    17 |       ||   635
       Halberd           |       |       |       |   794 |   654 ||  1448
Throw: Stone             |       |     1 |       |       |       ||     1
       Boomerang         |       |     1 |     2 |       |       ||     3
       Dart              |       |       |    13 |    30 |    10 ||    53
 Cast: Summon Ice Beast  |       |       |       |       |    81 ||    81
       Ozocubu's Armour  |       |       |       |       |     3 ||     3
Invok: Bend Space        |       |     3 |     2 |    15 |       ||    20
       Banish            |       |       |       |     4 |     5 ||     9
Evoke: Wand              |       |       |     6 |    26 |     4 ||    36
  Use: Scroll            |     1 |       |     6 |    10 |     8 ||    25
       Potion            |       |       |       |     5 |     1 ||     6
 Stab: Sleeping          |       |       |     2 |       |       ||     2
       Paralysed         |       |       |       |     4 |       ||     4
       Distracted        |       |       |       |       |     1 ||     1
       Petrified         |       |       |       |       |     6 ||     6
  Eat: Chunk             |     3 |    10 |    20 |    24 |    39 ||    96
       Ration            |       |       |     2 |     6 |     2 ||    10
Armor: Robe              |    43 |    25 |   109 |    48 |       ||   225
       Troll leather arm |       |       |       |    50 |   115 ||   165
Dodge: Dodged            |    54 |    90 |   286 |   367 |   221 ||  1018

Table legend:
 A = Non-vault XP
 B = Vault XP
 C = Vault XP percentage of total XP
 D = Non-vault monster count
 E = Vault monster count
 F = Vault count percentage of total count
                 A         B        C        D         E       F
            +---------+---------+-------+---------+---------+-------
      Total |   49811 |   23075 |  31.7 |     467 |      76 |  14.0
            +---------+---------+-------+---------+---------+-------
        D:1 |      69 |       5 |   6.8 |      33 |       3 |   8.3
        D:2 |      22 |      37 |  62.7 |      10 |       1 |   9.1
        D:3 |     327 |      61 |  15.7 |      21 |       7 |  25.0
        D:4 |     467 |       0 |   0.0 |      26 |       0 |   0.0
        D:5 |     388 |       0 |   0.0 |      15 |       0 |   0.0
        D:6 |    1044 |       0 |   0.0 |      27 |       0 |   0.0
        D:7 |    1240 |       0 |   0.0 |      23 |       0 |   0.0
        D:8 |    1246 |       0 |   0.0 |      21 |       0 |   0.0
        D:9 |    4470 |       0 |   0.0 |      40 |       0 |   0.0
       D:10 |    2603 |    1369 |  34.5 |      31 |      15 |  32.6
       D:11 |    5658 |       0 |   0.0 |      57 |       0 |   0.0
       D:12 |    6255 |    3850 |  38.1 |      45 |       6 |  11.8
       D:13 |    2099 |    1966 |  48.4 |      14 |      11 |  44.0
     Temple |       0 |     202 | 100.0 |       0 |       1 | 100.0
     Lair:1 |    2571 |    3253 |  55.9 |      15 |       2 |  11.8
     Lair:2 |    3137 |     235 |   7.0 |      14 |       1 |   6.7
     Lair:3 |    1454 |       0 |   0.0 |       7 |       0 |   0.0
     Lair:4 |    5623 |    1293 |  18.7 |      21 |       2 |   8.7
     Lair:5 |    2303 |    1616 |  41.2 |      14 |       6 |  30.0
     Lair:6 |    8835 |    9188 |  51.0 |      33 |      21 |  38.9
            +---------+---------+-------+---------+---------+-------
